 Dungeon Crawl Stone Soup version 0.28-a0-863-g8cecda6153 (webtiles) character file.

Game seed: 11571009559786996282

49277 browni3141 the Carver (level 14, -2/96 HPs)
             Began as a Djinni Delver on Nov 19, 2021.
             Was the Champion of Makhleb.
             Slain by a wolf (8 damage)
             ... on level 6 of the Lair of Beasts.
             The game lasted 01:02:29 (23015 turns).

browni3141 the Carver (Djinni Delver)              Turns: 23015, Time: 01:02:29

Health: -2/96      AC: 16    Str: 25    XL:     14   Next: 91%
Gold:   1835       EV: 11    Int: 23    God:    Makhleb [******] SH:  0 Dex: 14

rFire   + + .      SeeInvis .   F - +7 Singing Sword {vorpal, sonic wave}
rCold   + + .      Faith    +   (no shield)
rNeg    + . .      Spirit   .   N - +0 chain mail "Hienniol" {Contam rC++ Int+3}
rPois   ∞          Reflect  .   y - +0 helmet
rElec   .          Harm     .   S - +0 cloak "Adu Zal" {rC+ rN+ Str+4 Slay+3}
rCorr   .          Rampage  .   B - +2 pair of gloves
Will    +....                   (boots unavailable)
Stlth   ..........              I - amulet of faith
HPRegen 0.26/turn               q - +6 ring of intelligence
MPRegen 0.00/turn               Q - +6 ring of strength

@: flying
A: sickness immunity, fire resistance 2, cold vulnerability 1, float, innate
caster, hp casting, extra vitality 1
a: Renounce Religion, Minor Destruction, Lesser Servant of Makhleb, Major
Destruction, Greater Servant of Makhleb


You were on level 6 of the Lair of Beasts.
You worshipped Makhleb.
Makhleb was exalted by your worship.
You visited 4 branches of the dungeon, and saw 20 of its levels.
You also visited: Ossuary and Gauntlet.

You collected 2044 gold pieces.
You spent 209 gold pieces at shops.

Inventory:

Hand Weapons
 F - the +7 Singing Sword (weapon) {vorpal, sonic wave}
   (You found it on level 6 of the Dungeon)

   It inflicts extra damage upon your enemies.
   It radiates damaging sonic waves as it strikes, especially in combat
   involving dangerous or numerous foes.
Missiles
 p - 91 poisoned darts (quivered)
Armour
 w - a +2 cloak of preservation
 y - a +0 helmet (worn)
 B - a +2 pair of gloves (worn)
 K - a scarf of repulsion
 N - the +0 chain mail "Hienniol" (worn) {Contam rC++ Int+3}
   (You bought it in a shop on level 1 of the Dungeon)

   Int:       It affects your intelligence (+3).
   rC:        It greatly protects you from cold.
   Contam:    It causes magical contamination when unequipped.
 S - the +0 cloak "Adu Zal" (worn) {rC+ rN+ Str+4 Slay+3}
   (You found it in a Gauntlet)

   Str:       It affects your strength (+4).
   Slay:      It affects your accuracy & damage with ranged weapons and melee
   (+3).
   rC:        It protects you from cold.
   rN:        It protects you from negative energy.
 V - a +2 chain mail of willpower
Magical Staves
 A - a staff of cold
 E - a staff of air
Jewellery
 e - a ring of protection from cold
 q - a +6 ring of intelligence (left hand)
 C - a ring of positive energy
 I - an amulet of faith (around neck)
 Q - a +6 ring of strength (right hand)
 R - the ring of Waugry {rF+ rN+ rCorr}
   (You found it in a Gauntlet)

   [ring of positive energy]

   rF:        It protects you from fire.
   rN:        It protects you from negative energy.
   rCorr:     It protects you from acid and corrosion.
 T - an amulet of regeneration
 U - a ring of willpower
 Z - a ring of protection from fire
Wands
 v - a wand of polymorph (2)
 G - a wand of flame (57)
 P - a wand of iceblast (6)
Scrolls
 b - 2 scrolls of identify
 c - 9 scrolls of fog
 d - 8 scrolls of magic mapping
 g - 7 scrolls of immolation
 k - 11 scrolls of teleportation
 l - 4 scrolls of enchant armour
 s - 4 scrolls of noise
 z - a scroll of vulnerability
 D - 2 scrolls of enchant weapon
 J - 3 scrolls of brand weapon {unknown}
 L - 2 scrolls of amnesia {unknown}
 M - a scroll of blinking {unknown}
Potions
 a - a potion of berserk rage {unknown}
 f - a potion of haste
 h - 5 potions of mutation
 j - a potion of might
 m - 3 potions of brilliance {unknown}
 n - 2 potions of ambrosia
 o - a potion of attraction {unknown}
 r - 3 potions of curing
 t - 7 potions of degeneration
 u - 2 potions of flight {unknown}
 x - 2 potions of magic {unknown}
 H - 2 potions of heal wounds {unknown}
Miscellaneous
 O - a phantom mirror


   Skills:
 + Level 7.1 Fighting
 * Level 14.5 Long Blades
 + Level 7.9 Armour
 + Level 6.7 Dodging
 - Level 4.7 Stealth
 * Level 10.7 Spellcasting
 * Level 7.3 Invocations


You had 14 spell levels left.
You knew the following spells:

 Your Spells              Type           Power      Damage    Failure   Level
a - Apportation           Tloc           100%       N/A       1%          1
b - Searing Ray           Conj           100%       2d8       1%          2
c - Gell's Gravitas       Tloc           57%        N/A       1%          3
d - Iskenderun's Mystic   Conj/Tloc      57%        2d12      3%          4
e - Summon Mana Viper     Hex/Summ       57%        N/A       10%         5
f - Manifold Assault      Tloc           57%        N/A       10%         5
Your spell library was empty.

Dungeon Overview and Level Annotations

Branches:
Dungeon (11/15)            Temple (1/1) D:7            Lair (6/6) D:11
 Spider (0/4) Lair:4        Slime (0/5) Lair:6          Orc (2/2) D:9
    Elf (0/3) Orc:2       Ossuary (visited)         Gauntlet (visited)
  Swamp: Lair:2-4    Shoals: Lair:2-4

Altars:
Ashenzari
Cheibriados
Dithmenos
Elyvilon
Fedhas
Gozag
Hepliaklqana
Kikubaaqudgha
Makhleb
Nemelex Xobeh
Okawaru
Qazlal
Ru
Sif Muna
Trog
Uskayaw
Vehumet
Wu Jian
Xom
Yredelemnul
Zin
The Shining One
Jiyva

Shops:
D:1 [   D:4 [   D:8 [

Portals:
Abyss: Lair:6

Annotations:
D:10 3 runed translucent doors
Lair:6 2 transporters, hydrownug's ghost, journeyman OgWn


Innate Abilities, Weirdness & Mutations

You are immune to sickness and miasma.
You are immune to poison.
Your flesh is very heat resistant. (rF++)
You are vulnerable to cold. (rC-)
You float through the air rather than walking.
You learn spells naturally, not from books.
Your magical power is your life essence.
You have superior vitality. (+4 HP)


Message History

Unknown command.
Really attack near your orange demon?
Okay, then.
The yak bellows!
You hear an angry hiss.
Your orange demon stings the yak from afar.
The yak looks as sick as possible!
Your orange demon poisons the yak!
The yak gores you.
* * * LOW HITPOINT WARNING * * *
Unknown command.
Your orange demon stings the yak from afar.
A yak comes into view.
The yak gores you.
* * * LOW HITPOINT WARNING * * *
Unknown command.
Your orange demon stings the yak from afar!
The yak looks as sick as possible!
Your orange demon poisons the yak!
A yak comes into view.
The yak gores you!
* * * LOW HITPOINT WARNING * * *
Unknown command.
The yak bellows!
Your orange demon barely misses the yak.
You see here a wolf corpse.
A yak comes into view.
The yak bellows!
A yak comes into view.
The yak moves out of view.
The yak dies!
Makhleb accepts your kill.
The wolf stops to sniff the ground.
You hear a bellow!
A nearby fungus withers and dies.
There is a stone staircase leading down here.
The wolf bites you but does no damage. The wolf closely misses you. x2
You fly downwards.
Level annotation: 2 transporters, hydrownug's ghost, journeyman OgWn
There is a stone staircase leading up here.
Unknown command.
The wolf bites you!
You die...

....#..........≈≈.........##..≈≈≈
#....#...................###..≈≈≈
......#.................## #..≈≈≈
##.......<.....(........P####.≈≈≈
.......................P..###..≈≈
.........................#..#....
.##..............................
####....###......#..........#####
#..##..##X#....h@...........#
.#.x#..#ui#......#.........####
#..##..##u##.......#.......##.###
.###...##u4#..................##.
.#....##h###....._>.............#
##.### . ##....................#
###...###.........#).......#...
....#u#..........###...........
.##..#.##..........##..........#


You could see a wolf.

Vanquished Creatures
  A dire elephant (Lair:6)
  A minotaur (Gauntlet)
  A fire dragon (Lair:6)
  3 two-headed ogres
  2 thrashing horrors (Gauntlet)
  A soul eater (Gauntlet)
  3 orc high priests
  A swamp dragon (Lair:6)
  2 orc sorcerers (Orc:2)
  3 elephants (Lair:6)
  3 cyclopes
  Maurice (D:9)
  2 black mambas
  An unseen horror (D:11)
  2 torpor snails
  7 cane toads
  5 rime drakes
  2 komodo dragons
  A minotaur zombie (Gauntlet)
  An ice devil (Gauntlet)
  3 meliai (Lair:4)
  9 polar bears
  A jumping spider (Lair:4)
  A hornet (D:9)
  A queen bee (Lair:4)
  3 trolls
  11 blink frogs
  A raiju (Lair:6)
  4 dream sheep (Lair:3)
  9 flying skulls (Gauntlet)
  A shadow (D:11)
  A redback (Lair:4)
  24 yaks
  3 wraiths
  A wyvern (D:9)
  2 vampires
  3 basilisks
  2 steam dragons
  6 wargs
  2 acid dragons
  15 hell hounds (Lair:6)
  9 water moccasins
  The ghost of gigimoi the Sneak, an amateur SpVM (D:5)
  An ice beast (D:7)
  A hornet zombie (D:8)
  3 sky beasts
  21 orc warriors
  4 swamp drakes (Lair:6)
  14 black bears
  2 ogres (Orc:1)
  A necrophage (D:8)
  28 wolves
  7 centaurs
  A phantom (D:4)
  3 kobold brigands
  2 elf zombies (Ossuary)
  8 bullfrogs
  A gnoll sergeant (D:9)
  2 wyvern zombies
  7 scorpions
  A water moccasin skeleton (D:4)
  19 killer bees
  3 wights (D:8)
  An electric eel (Lair:3)
  4 howler monkeys
  2 jellies
  A bullfrog zombie (D:6)
  2 human zombies (Ossuary)
  2 small abominations (Gauntlet)
  4 centaur zombies
  An iron imp (D:9)
  15 orc priests
  3 bullfrog skeletons
  5 iguanas
  25 orc wizards
  2 mummies (Ossuary)
  A howler monkey zombie (D:7)
  13 gnolls
  10 adders
  2 howler monkey skeletons
  4 shadow imps (Gauntlet)
  4 white imps
  An ufetubus (D:4)
  2 adder zombies
  An adder skeleton (D:4)
  3 worms
  The ghost of AttackTheMoon the Sneak, a weakling TeDe (D:5)
  The ghost of Blacky the Covert, a weakling GnDe (D:4)
  3 dart slugs
  59 orcs
  7 ball pythons
  8 endoplasms
  3 giant cockroaches
  6 goblins
  9 hobgoblins
  3 jackals (D:2)
  7 quokkas
  8 bats
  3 frilled lizards
  A goblin zombie (Ossuary)
  13 hobgoblin zombies (Ossuary)
  A jackal zombie (Ossuary)
  21 kobolds
  7 kobold zombies (Ossuary)
  7 orc zombies (Ossuary)
  5 rats
  3 rat zombies (Ossuary)
569 creatures vanquished.

Vanquished Creatures (collateral kills)
  4 hydras
  A rime drake (Lair:6)
  A polar bear (Lair:6)
  2 yaks
  A hell hound (Lair:6)
  A wolf (Lair:5)
10 creatures vanquished.

Vanquished Creatures (others)
  A water moccasin (Lair:6)
  41 fungi
  72 plants
  8 withered plants
122 creatures vanquished.

Grand Total: 701 creatures vanquished

Notes
Turn   | Place    | Note
-------+----------+-------------------------------------------
     0 | D:5      | browni3141 the Djinni Delver began the quest for the Orb.
     0 | D:5      | Reached XP level 1. HP: 20/20 MP: 0/0
    21 | D:5      | Noticed a two-headed ogre
   120 | D:5      | Reached XP level 2. HP: 22/25 MP: 0/0
   176 | D:4      | Found Buhab's Antique Armour Emporium.
   227 | D:5      | Noticed a killer bee
   227 | D:5      | Noticed a killer bee
   227 | D:5      | Noticed a killer bee
   227 | D:5      | Noticed a killer bee
   227 | D:5      | Noticed a killer bee
   227 | D:5      | Noticed a killer bee
   258 | D:5      | Reached skill level 2 in Long Blades
   258 | D:5      | Reached XP level 3. HP: 9/30 MP: 0/0
   258 | D:5      | Learned a level 1 spell: Apportation
   501 | D:5      | Reached XP level 4. HP: 15/35 MP: 0/0
   698 | D:5      | Found a runed translucent gate.
   699 | D:5      | Found a runed translucent gate.
   711 | D:5      | Found a runed translucent gate.
   712 | D:5      | Noticed AttackTheMoon's ghost (weakling TeDe)
   714 | D:5      | Noticed gigimoi's ghost (amateur SpVM)
   745 | D:5      | Identified the +7 falchion "Vejisu" {vorpal, Dex+4}
   845 | D:4      | Reached skill level 3 in Long Blades
   845 | D:4      | Reached XP level 5. HP: 34/41 MP: 0/0
   845 | D:4      | Learned a level 2 spell: Searing Ray
   962 | D:4      | Noticed a phantom
   994 | D:4      | Reached XP level 6. HP: 10/47 MP: 0/0
  1465 | D:4      | Reached skill level 4 in Long Blades
  2175 | D:4      | Reached skill level 5 in Long Blades
  2175 | D:4      | Reached skill level 1 in Armour
  2175 | D:4      | Reached XP level 7. HP: 8/53 MP: 0/0
  2175 | D:4      | Learned a level 3 spell: Gell's Gravitas
  2175 | D:4      | HP: 2/53 [gnoll (6)]
  2498 | D:4      | Found a runed translucent door.
  2498 | D:4      | Noticed Blacky's ghost (weakling GnDe)
  3638 | D:3      | Found a hazy altar of Hepliaklqana.
  5481 | D:1      | Found Firimey's Antique Armour Shop.
  5617 | D:1      | Found a faded altar of an unknown god.
  6016 | D:4      | Reached XP level 8. HP: 38/58 MP: 0/0
  6018 | D:4      | Reached skill level 6 in Long Blades
  6546 | D:5      | Killed a two-headed ogre
  6547 | D:5      | Reached skill level 7 in Long Blades
  6547 | D:5      | Reached skill level 5 in Armour
  6547 | D:5      | Reached XP level 9. HP: 10/63 MP: 0/0
  6547 | D:5      | Learned a level 4 spell: Iskenderun's Mystic Blast
  7120 | D:6      | Reached skill level 1 in Spellcasting
  7208 | D:6      | Reached skill level 8 in Long Blades
  7694 | D:6      | Found the +7 Singing Sword {vorpal, sonic wave}
  7910 | D:7      | Found a staircase to the Ecumenical Temple.
  7984 | D:7      | Found a sand-covered staircase.
  7988 | Ossuary  | Entered an ossuary
  8096 | Ossuary  | Reached XP level 10. HP: 66/69 MP: 0/0
  8383 | D:7      | Reached skill level 9 in Long Blades
  8984 | D:7      | Identified a scroll of acquirement
  8985 | D:7      | Acquired a +2 cloak of preservation
  9038 | Temple   | Entered the Ecumenical Temple
  9426 | Temple   | Became a worshipper of Makhleb the Destroyer
  9559 | D:8      | Found Qaikk's Antique Armour Shoppe.
 10285 | D:8      | Reached skill level 5 in Spellcasting
 10360 | D:8      | Noticed a cyclops
 10362 | D:8      | Noticed a two-headed ogre
 10366 | D:8      | Killed a two-headed ogre
 10366 | D:8      | Reached * piety under Makhleb
 10367 | D:8      | Reached skill level 10 in Long Blades
 10370 | D:8      | Killed a cyclops
 10839 | D:8      | Reached XP level 11. HP: 74/74 MP: 0/0
 10839 | D:8      | Learned a level 5 spell: Summon Mana Viper
 11183 | D:9      | Found a snail-covered altar of Cheibriados.
 11501 | D:9      | Found a staircase to the Orcish Mines.
 11591 | D:9      | Reached skill level 11 in Long Blades
 11761 | D:9      | Noticed Maurice
 11776 | D:9      | Killed Maurice
 11852 | D:9      | Reached ** piety under Makhleb
 12313 | D:1      | Bought a dazzling chain mail for 209 gold pieces
 12313 | D:1      | Identified the +0 chain mail "Hienniol" {Contam rC++ Int+3}
                  | (You bought it in a shop on level 1 of the Dungeon)
 12507 | D:4      | Killed Blacky's ghost
 12549 | D:5      | Killed AttackTheMoon's ghost
 12551 | D:5      | Killed gigimoi's ghost
 12662 | Orc:1    | Entered Level 1 of the Orcish Mines
 13485 | Orc:2    | Entered Level 2 of the Orcish Mines
 13487 | Orc:2    | Noticed an orc high priest
 13532 | Orc:1    | Reached *** piety under Makhleb
 13717 | Orc:2    | Noticed a soul eater
 13959 | Orc:1    | Killed an orc high priest
 14069 | Orc:2    | Noticed an orc sorcerer
 14102 | Orc:2    | Paralysed by an orc sorcerer for 7 turns
 14109 | Orc:2    | Killed an orc sorcerer
 14197 | Orc:2    | Found a staircase to the Elven Halls.
 14221 | Orc:2    | Reached skill level 12 in Long Blades
 14536 | Orc:2    | Noticed an orc high priest
 14537 | Orc:2    | Noticed an orc sorcerer
 14537 | Orc:2    | Noticed an orc high priest
 14539 | Orc:2    | Noticed an orc knight
 14544 | Orc:2    | Killed an orc sorcerer
 14544 | Orc:2    | Noticed an orc sorcerer
 14544 | Orc:2    | Noticed an orc knight
 14545 | Orc:2    | Reached XP level 12. HP: 73/79 MP: 0/0
 14547 | Orc:2    | Noticed an orc warlord
 14549 | Orc:2    | Killed an orc high priest
 14549 | Orc:2    | Noticed an orc high priest
 14549 | Orc:2    | Noticed a sun demon
 15092 | Orc:2    | Reached **** piety under Makhleb
 15138 | Orc:2    | Killed an orc high priest
 15700 | D:10     | Entered Level 10 of the Dungeon
 15742 | D:10     | Found a runed translucent gate.
 15742 | D:10     | Found a runed translucent gate.
 15742 | D:10     | Found a runed translucent gate.
 15745 | D:10     | Noticed a glowing orange brain
 16480 | D:11     | Found a staircase to the Lair.
 16496 | D:11     | Noticed a five-headed hydra
 16688 | D:11     | Found a gate leading to a gauntlet.
 16693 | Gauntlet | Entered a Gauntlet
 16693 | Gauntlet | Found a transporter.
 16701 | Gauntlet | Noticed a soul eater
 16893 | Gauntlet | Found a transporter.
 16897 | Gauntlet | Found a transporter.
 16903 | Gauntlet | Found a transporter.
 16912 | Gauntlet | Found a transporter.
 16913 | Gauntlet | Found a transporter.
 16918 | Gauntlet | Found a transporter.
 16925 | Gauntlet | Found a transporter.
 16930 | Gauntlet | Found a transporter.
 16932 | Gauntlet | Noticed a thrashing horror
 16934 | Gauntlet | Found a transporter.
 16934 | Gauntlet | Noticed a thrashing horror
 16937 | Gauntlet | Found a runed translucent gate.
 16937 | Gauntlet | Found a runed translucent gate.
 16941 | Gauntlet | Found a runed translucent gate.
 16941 | Gauntlet | Found a transporter.
 16945 | Gauntlet | Found a transporter.
 16950 | Gauntlet | Found a transporter.
 16953 | Gauntlet | Found a runed translucent door.
 16956 | Gauntlet | Found a transporter.
 17044 | Gauntlet | Killed a soul eater
 17203 | Gauntlet | Reached ***** piety under Makhleb
 17249 | Gauntlet | Reached skill level 13 in Long Blades
 17268 | Gauntlet | Reached skill level 5 in Fighting
 17285 | Gauntlet | Killed a thrashing horror
 17286 | Gauntlet | Reached skill level 1 in Invocations
 17288 | Gauntlet | Killed a thrashing horror
 17299 | Gauntlet | Identified the ring of Waugry {rF+ rN+ rCorr}
 17336 | Gauntlet | Reached XP level 13. HP: 84/85 MP: 0/0
 17336 | Gauntlet | Learned a level 5 spell: Manifold Assault
 17357 | Gauntlet | Identified the +0 cloak "Adu Zal" {rC+ rN+ Str+4 Slay+3}
 17386 | Gauntlet | Noticed a minotaur
 17395 | Gauntlet | Killed a minotaur
 18283 | Lair:1   | Entered Level 1 of the Lair of Beasts
 18612 | Lair:1   | Noticed an eight-headed hydra
 18664 | Lair:2   | Noticed an eight-headed hydra
 18827 | Lair:3   | Reached skill level 5 in Dodging
 18856 | Lair:3   | Reached ****** piety under Makhleb
 18857 | Lair:3   | Reached skill level 5 in Invocations
 19793 | Lair:4   | Noticed a four-headed hydra
 19798 | Lair:4   | Killed a four-headed hydra
 19799 | Lair:4   | Reached skill level 10 in Spellcasting
 19822 | Lair:4   | Reached XP level 14. HP: 82/94 MP: 0/0
 19940 | Lair:4   | Found a hole to the Spider Nest.
 20362 | Lair:5   | Reached skill level 14 in Long Blades
 20412 | Lair:6   | Entered Level 6 of the Lair of Beasts
 20414 | Lair:6   | Found a viscous altar of Jiyva.
 20414 | Lair:6   | Found a staircase to the Slime Pits.
 20491 | Lair:6   | Found a transporter.
 21137 | Lair:6   | Noticed a dire elephant
 21170 | Lair:6   | HP: 1/94 [dire elephant (4)]
 21946 | Lair:6   | Found a transporter.
 21976 | Lair:6   | Found a one-way gate to the infinite horrors of the Abyss.
 22027 | Lair:6   | Noticed hydrownug's ghost (journeyman OgWn)
 22087 | Lair:6   | Identified the +5 ring mail of the Evening {Harm rPois}
 22692 | Lair:6   | Killed a dire elephant
 23000 | Lair:5   | HP: 2/96 [yak (10)]
 23015 | Lair:6   | Slain by a wolf

Illustrated notes

Levels and vault maps discovered:
D:1:      matt_arrival_diagonals, layout_loops_ring,
          chequers_ecumenical_altar_simple, serial_shops,
          nicolae_shop_statue_plus, st_stairs_3
D:2:      layout_loops_ring, chequers_serial_rivers_small_b,
          minmay_misc_feat_tower, roderic_serpentine_path, grunt_ministairs_11,
          kennysheep_pointless_box, minmay_pentomino_pile
D:3:      layout_loops_ring, nicolae_hepliaklqana_hazy_memory
D:4:      minmay_octagon_keep, layout_basic, gammafunk_ghost_grave,
          cheibrodos_sewer_entry_drain, serial_shops, nicolae_take_the_stairs
D:5:      layout_basic, serial_glass, glass_columns_b, glass_columns_b,
          due_unseen_surprise, item_on_display_b, item_on_display_a,
          minmay_strange_pillars, gammafunk_ghost_cemetery,
          minmay_misc_feat_room
D:6:      old_forge, layout_cave_pools
D:7:      layout_basic, minmay_temple_entry_gardened_gates,
          nicolae_ossuary_entry_plus, kennysheep_decorative_pillar,
          grunt_ministairs_4
D:8:      layout_basic, serial_shops, shop_statue, grunt_potential
D:9:      layout_roguey, chei_slow_surprise, orc_0_dummy, kennysheep_dice,
          uniq_maurice
D:10:     layout_roguey, ploomutoo_gammafunk_ghost_potion_laboratory
D:11:     layout_loops_cross, lair_entry_dummy, gauntlet_entry_generic
Temple:   mainiacjoe_temple_cubbyholes
Lair:1:   layout_regular_city
Lair:2:   layout_small_grid, minmay_swamp_entry_swarm, gammafunk_lair_bear_cave
Lair:3:   layout_chaotic_city, serial_bayou_pond_b
Lair:4:   layout_hall_layers, spider_nest_entry_a, special_room
          [special_room_bee], lemuel_fruit_fields
Lair:5:   layout_gridlike
Lair:6:   hangedman_lair_caniforms_friends, layout_misc_corridors,
          guppyfry_lair_end_dragon, slime_altar_1,
          gammafunk_ghost_abyssal_escape, lemuel_old_faithful,
          infiniplex_staircase_pool_2
Orc:1:    layout_diamond_mine
Orc:2:    st_orc_congregation, layout_diamond_mine

Skill      XL: |  1  2  3  4  5  6  7  8  9 10 11 12 13 14 |
---------------+-------------------------------------------+-----
Long Blades    | 2 3 5 7 8 10 12 13 14 | 14.5
Fighting       | 4 5 6 7 |  7.1
Armour         | 1 3 5 6 7 |  7.9
Spellcasting   | 3 6 8 9 10 | 10.7
Dodging        | 3 5 6 |  6.7
Invocations    | 2 5 7 |  7.3
Stealth        | |  4.7

Action                   |  1- 3 |  4- 6 |  7- 9 | 10-12 | 13-15 || total
-------------------------+-------+-------+-------+-------+-------++-------
Melee: Falchion          |    23 |    64 |   231 |       |       ||   318
       Double sword      |       |       |    62 |   411 |   374 ||   847
Throw: Dart              |       |       |     6 |    19 |     1 ||    26
 Cast: Searing Ray       |       |     3 |       |       |       ||     3
       Summon Mana Viper |       |       |       |       |     6 ||     6
Invok: Lesser Servant of |       |       |       |       |    10 ||    10
Evoke: Wand              |       |     1 |    10 |    12 |    12 ||    35
       Phantom mirror    |       |       |       |       |     1 ||     1
  Use: Scroll            |       |       |       |    12 |     6 ||    18
       Potion            |       |       |       |     3 |     6 ||     9
 Stab: Sleeping          |     1 |     3 |       |       |       ||     4
Armor: Leather armour    |     3 |     5 |       |       |       ||     8
       Chain mail        |       |    11 |   163 |   295 |   280 ||   749
Dodge: Dodged            |    13 |    52 |    92 |   137 |   239 ||   533

Table legend: (Time is in decaauts)
 A = Elapsed time spent in this place.
 B = Non-inter-level travel time spent in this place.
 C = Inter-level travel time spent in this place.
 D = Time resting spent in this place.
 E = Time spent auto-exploring this place.
 F = Levels seen in this place.
 G = Mean time per level.
                   A        B        C        D        E       F      G
               +--------+--------+--------+--------+--------+-----+--------+
         Total |  22984 |  21731 |   1253 |   3415 |  13311 |  22 | 1044.7 |
       Dungeon |  14235 |  13156 |   1079 |   1584 |   8727 |  11 | 1294.1 |
        Temple |    425 |    347 |     78 |      0 |    311 |   1 |  425.0 |
          Lair |   4677 |   4613 |     64 |    886 |   2678 |   6 |  779.5 |
  Orcish Mines |   2524 |   2492 |     32 |    644 |   1305 |   2 | 1262.0 |
       Ossuary |    207 |    207 |      0 |      6 |    100 |   1 |  207.0 |
      Gauntlet |    913 |    913 |      0 |    294 |    190 |   1 |  913.0 |
               +--------+--------+--------+--------+--------+-----+--------+

Top non-repeatable levels by time:
     D:4: 3181 daAuts
  Lair:6: 2515 daAuts
     D:5: 1727 daAuts
     D:9: 1725 daAuts
     D:8: 1546 daAuts
   Orc:1: 1403 daAuts
   Orc:2: 1120 daAuts
     D:7: 1077 daAuts
     D:2: 1057 daAuts
  Lair:3: 991 daAuts
Gauntlet: 913 daAuts
    D:11: 863 daAuts
     D:6: 837 daAuts
    D:10: 803 daAuts
     D:3: 724 daAuts
